 Dungeon Crawl Stone Soup version 0.21-a0-536-gdbbf329 (webtiles) character file.

674 empire the Chopper (level 7, -6/53 HPs)
             Began as a Gnoll Wanderer on Dec 14, 2017.
             Killed by divine providence
             ... invoked by an orc priest
              (12 damage)
             ... on level 5 of the Dungeon.
             The game lasted 00:08:11 (4121 turns).

empire the Chopper (Gnoll Wanderer)                 Turns: 4121, Time: 00:08:11

Health: -6/53      AC:  9    Str: 17    XL:     7   Next: 59%
Magic:  10/10      EV:  4    Int: 18    God:
Gold:   269        SH: 13    Dex: 15    Spells: 11/11 levels left

rFire    . . .     SeeInvis .   a - +2 hand axe
rCold    . . .     Gourm    .   y - +0 large shield
rNeg     . . .     Faith    .   s - +0 chain mail (curse)
rPois    .         Spirit   .   (no helmet)
rElec    .         Reflect  .   (no cloak)
rCorr    .         Harm     .   (no gloves)
MR       +....                  (no boots)
Stlth    ..........             (no amulet)
HPRegen  0.17/turn              g - ring of protection from magic
MPRegen  0.12/turn              n - ring of wizardry

@: brilliant, flying
A: distributed training, fangs 1, strong nose
a: no special abilities


You were on level 5 of the Dungeon.
You were very hungry.

You visited 1 branch of the dungeon, and saw 5 of its levels.
You also visited: Sewer.

You collected 269 gold pieces.

Inventory:

Hand Weapons
 a - a +2 hand axe (weapon)
 b - a +0 short sword
 h - a +0 quarterstaff
 r - a +0 whip of pain
Armour
 s - a cursed +0 chain mail (worn)
 y - a +0 large shield (worn)
Jewellery
 g - a ring of protection from magic (left hand)
 n - a ring of wizardry (right hand)
Wands
 C - a wand of paralysis (9)
Scrolls
 c - 7 scrolls of teleportation
 d - a scroll of blinking
 e - a scroll of amnesia
 k - a scroll of magic mapping
 m - 6 scrolls of identify {unknown}
 p - a scroll of random uselessness {unknown}
 q - a scroll of enchant weapon {unknown}
 w - a scroll of fear {unknown}
 E - a scroll of enchant armour {unknown}
 F - a scroll of remove curse {unknown}
Potions
 i - a potion of berserk rage {unknown}
 j - 3 potions of mutation {unknown}
 l - 3 potions of curing
 o - a potion of agility
 u - a potion of flight
 x - a potion of lignification {unknown}
 B - 4 potions of brilliance
 D - 2 potions of might {unknown}
 G - a potion of haste {unknown}
Books
 v - a book of Minor Magic

   Spells                             Type                      Level
   a - Magic Dart                     Conjuration                  1
   b - Blink                          Translocation                2
   c - Call Imp                       Summoning                    2
   d - Slow                           Hexes                        2
   e - Conjure Flame                  Conjuration/Fire             3
   f - Mephitic Cloud                 Conjuration/Poison/Air       3
Comestibles
 f - 3 bread rations
 z - 2 royal jellies
 A - 2 meat rations


   Skills:
 + Level 3.6 Fighting
 + Level 2.5 Short Blades
 + Level 3.6 Long Blades
 + Level 7.0 Axes
 + Level 2.5 Maces & Flails
 + Level 2.5 Polearms
 + Level 2.5 Staves
 + Level 2.5 Slings
 + Level 2.5 Bows
 + Level 2.5 Crossbows
 + Level 3.6 Throwing
 + Level 5.2 Armour
 + Level 3.6 Dodging
 + Level 2.5 Stealth
 + Level 3.6 Shields
 + Level 2.5 Unarmed Combat
 + Level 2.5 Spellcasting
 + Level 2.0 Conjurations
 + Level 2.0 Hexes
 + Level 2.0 Charms
 + Level 2.0 Summonings
 + Level 2.0 Necromancy
 + Level 2.0 Translocations
 + Level 2.0 Transmutations
 + Level 2.0 Fire Magic
 + Level 2.0 Ice Magic
 + Level 2.0 Air Magic
 + Level 2.0 Earth Magic
 + Level 2.0 Poison Magic
 + Level 2.8 Invocations
 + Level 2.5 Evocations


You had 11 spell levels left.
You didn't know any spells.

Dungeon Overview and Level Annotations

Branches:
Dungeon (5/15)             Temple (0/1) D:5

Altars:
Elyvilon


Innate Abilities, Weirdness & Mutations

Your experience applies equally to all skills.
You have very sharp teeth.
Your uncanny sense of smell can sniff out nearby items.


Message History

Beogh smites you!
The orc priest begins to cast a cantrip, but forgets the words!
You hit the bullfrog skeleton.
You destroy the bullfrog skeleton!
You slash the adder skeleton!
The adder skeleton is heavily damaged.
The adder skeleton bites you but does no damage.
You slash the adder skeleton!
You destroy the adder skeleton!
You hit the orc priest but do no damage.
The orc priest mumbles some strange prayers to Beogh against you.
Beogh smites you!
* * * LOW HITPOINT WARNING * * *
You block the orc priest's attack.
Your shield and chain mail prevent you from hitting the orc priest.
You block the orc priest's attack.
You hit the orc priest but do no damage.
The orc priest mumbles some strange prayers to Beogh against you.
Beogh smites you!
You die...

,*,,*,#.#
,*,**,#.#
,*,,,,#.#
,*****#.# ,* #.#
,######.##########
.................#
################.#
#@# #o## #o.# ##.#
**************#.#
*,,,,,,,,,,,,,..#
*,,*,,*,,*,,*...#
*,,,,,,,,,,,....#
*>,,,,,,,,,.....#


You could see 2 orc priests.

Vanquished Creatures
  A phantom (D:4)
  3 big kobolds (Sewer)
  A water moccasin zombie (D:5)
  2 bullfrog skeletons
  2 orc wizards (D:5)
  7 adders
  2 river rats (Sewer)
  4 oozes (Sewer)
  An adder skeleton (D:5)
  2 dart slugs (D:1)
  4 worms
  6 leopard geckos
  4 orcs
  5 ball pythons (Sewer)
  8 bats
  9 giant cockroaches
  5 hobgoblins
  4 jackals (D:1)
  10 kobolds
  3 quokkas
  4 frilled lizards
  7 goblins
  8 rats
102 creatures vanquished.

Vanquished Creatures (others)
  An orc wizard (D:5)
1 creature vanquished.

Grand Total: 103 creatures vanquished

Notes
Turn   | Place    | Note
-------+----------+-------------------------------------------
     0 | D:1      | empire the Gnoll Wanderer began the quest for the Orb.
     0 | D:1      | empire set off with: a +2 hand axe, a +0 quarterstaff, a scroll of teleportation, a +0 robe, a bread ration
     0 | D:1      | Reached XP level 1. HP: 17/17 MP: 1/1
   171 | D:1      | Reached XP level 2. HP: 22/23 MP: 2/2
   465 | D:1      | Reached XP level 3. HP: 16/28 MP: 3/3
  1209 | D:2      | Reached skill level 1 in Invocations
  1605 | D:2      | Reached skill level 1 in Short Blades
  1605 | D:2      | Reached skill level 1 in Maces & Flails
  1605 | D:2      | Reached skill level 1 in Polearms
  1605 | D:2      | Reached skill level 1 in Staves
  1605 | D:2      | Reached skill level 1 in Slings
  1605 | D:2      | Reached skill level 1 in Bows
  1605 | D:2      | Reached skill level 1 in Crossbows
  1605 | D:2      | Reached skill level 1 in Stealth
  1605 | D:2      | Reached skill level 1 in Unarmed Combat
  1605 | D:2      | Reached skill level 1 in Spellcasting
  1605 | D:2      | Reached skill level 1 in Evocations
  1789 | D:3      | Reached XP level 4. HP: 34/34 MP: 5/5
  2417 | D:4      | Reached skill level 1 in Conjurations
  2417 | D:4      | Reached skill level 1 in Hexes
  2417 | D:4      | Reached skill level 1 in Charms
  2417 | D:4      | Reached skill level 1 in Summonings
  2417 | D:4      | Reached skill level 1 in Necromancy
  2417 | D:4      | Reached skill level 1 in Translocations
  2417 | D:4      | Reached skill level 1 in Transmutations
  2417 | D:4      | Reached skill level 1 in Fire Magic
  2417 | D:4      | Reached skill level 1 in Ice Magic
  2417 | D:4      | Reached skill level 1 in Air Magic
  2417 | D:4      | Reached skill level 1 in Earth Magic
  2417 | D:4      | Reached skill level 1 in Poison Magic
  2421 | D:4      | Noticed a phantom
  2509 | D:4      | Killed a phantom
  2509 | D:4      | Reached XP level 5. HP: 15/41 MP: 5/7
  2976 | D:5      | Entered Level 5 of the Dungeon
  3045 | D:5      | Found a glowing drain.
  3069 | Sewer    | Entered a sewer
  3148 | Sewer    | Reached XP level 6. HP: 45/47 MP: 8/8
  3263 | Sewer    | Reached skill level 5 in Armour
  3611 | Sewer    | Reached XP level 7. HP: 50/52 MP: 10/10
  3820 | D:5      | Reached skill level 7 in Axes
  3842 | D:5      | Found a white marble altar of Elyvilon.
  4121 | D:5      | Killed from afar by an orc priest

Vault maps used:
D:1:      minmay_arrival_four_circles
D:2:      first_bread
D:3:      kennysheep_generic_room_13
D:5:      temple_hall, portal_sewer_entry_f, elyvilon_altar_4
Sewer:    sewer_co_tree

Skill      XL: |  1  2  3  4  5  6  7 |
---------------+----------------------+-----
Invocations    | 1 2 |  2.8
Short Blades   | 1 2 |  2.5
Maces & Flails | 1 2 |  2.5
Polearms       | 1 2 |  2.5
Staves         | 1 2 |  2.5
Slings         | 1 2 |  2.5
Bows           | 1 2 |  2.5
Crossbows      | 1 2 |  2.5
Stealth        | 1 2 |  2.5
Unarmed Combat | 1 2 |  2.5
Spellcasting   | 1 2 |  2.5
Evocations     | 1 2 |  2.5
Conjurations   | 1 2 |  2.0
Hexes          | 1 2 |  2.0
Charms         | 1 2 |  2.0
Summonings     | 1 2 |  2.0
Necromancy     | 1 2 |  2.0
Translocations | 1 2 |  2.0
Transmutations | 1 2 |  2.0
Fire Magic     | 1 2 |  2.0
Ice Magic      | 1 2 |  2.0
Air Magic      | 1 2 |  2.0
Earth Magic    | 1 2 |  2.0
Poison Magic   | 1 2 |  2.0
Fighting       | 3 |  3.6
Long Blades    | 3 |  3.6
Throwing       | 3 |  3.6
Dodging        | 3 |  3.6
Shields        | 3 |  3.6
Armour         | 5 |  5.2
Axes           | 7 |  7.0

Action                   |  1- 3 |  4- 6 |  7- 9 || total
-------------------------+-------+-------+-------++-------
Melee: Hand axe          |   105 |   246 |   104 ||   455
       Bite              |     5 |    23 |     3 ||    31
  Use: Potion            |       |     2 |     4 ||     6
       Scroll            |       |     3 |       ||     3
 Stab: Sleeping          |     2 |       |       ||     2
  Eat: Chunk             |     3 |     6 |     1 ||    10
Armor: Robe              |    18 |       |       ||    18
       Chain mail        |    12 |    68 |    27 ||   107
Dodge: Dodged            |    74 |    21 |     8 ||   103
Block: Large shield      |       |   161 |    61 ||   222

Table legend:
 A = Spawn XP
 B = Non-spawn XP
 C = Spawn XP percentage of total XP
 D = Spawn monster count
 E = Non-spawn monster count
 F = Spawn count percentage of total count
 G = Total turns spent on level
                    A         B        C        D         E        F      G
               +---------+---------+-------+---------+---------+-------+---------
         Total |       0 |     963 |   0.0 |       0 |     103 |   0.0 |  4121
               +---------+---------+-------+---------+---------+-------+---------
           D:1 |       0 |      56 |   0.0 |       0 |      27 |   0.0 |  1205
           D:2 |       0 |      22 |   0.0 |       0 |      12 |   0.0 |   524
           D:3 |       0 |      69 |   0.0 |       0 |      13 |   0.0 |   751
           D:4 |       0 |     144 |   0.0 |       0 |       5 |   0.0 |   496
           D:5 |       0 |     267 |   0.0 |       0 |      18 |   0.0 |   481
         Sewer |       0 |     405 |   0.0 |       0 |      28 |   0.0 |   664
               +---------+---------+-------+---------+---------+-------+---------
